 Dungeon Crawl Stone Soup version 0.31-a0-920-g28cbb04a8c (webtiles) character file.

Game seed: 15061324997965699011

4398 javelincjr the Mimic (level 10, -2/93 HPs)
             Began as a Minotaur Shapeshifter on Oct 17, 2023.
             Was a Follower of Trog.
             Slain by an orange demon (5 damage)
             ... led by Amaemon
             ... on level 8 of the Dungeon.
             The game lasted 00:28:49 (6971 turns).

javelincjr the Mimic (Minotaur Shapeshifter)        Turns: 6971, Time: 00:28:50

Health: -2/93      AC:  8    Str: 28    XL:     10   Next: 13%
Magic:  18/18      EV: 11    Int:  7    God:    Trog [*.....]
Gold:   380        SH:  5    Dex: 10    Spells: 9/9 levels left

rFire   . . .        w - melded +1 trident (vamp)
rCold   . . .        (shield currently unavailable)
rNeg    . . .        M - melded +1 robe of Vines {NoPotionHeal Regen++++}
rPois   .            (helmet currently unavailable)
rElec   .            (cloak currently unavailable)
rCorr   .            s - melded +0 pair of gloves
SInv    .            l - melded +0 pair of boots
Will    .....        m - amulet of reflection
Stlth   +            e - +4 ring of slaying
HPRegen 0.35/turn    t - ring of magical power
MPRegen 0.16/turn

%: reflection
@: lethally poisoned (-2 -> -48), about to teleport, snake-form, slowed, very
slow
A: constrict, boosted hp, large, (horns 2), (retaliatory headbutt)
a: Begin Untransformation, Renounce Religion, Berserk


You were on level 8 of the Dungeon.
You worshipped Trog.
Trog was aware of your devotion.
You were an enormous anaconda.
You visited 2 branches of the dungeon, and saw 9 of its levels.

You collected 380 gold pieces.

Inventory:

Hand Weapons
 v - a +3 hand axe
 w - a +1 vampiric trident (melded)
 y - a +1 trident of protection
 z - a +3 trident of draining
 G - a +2 hand axe of draining
 P - a +4 short sword
Missiles
 n - a throwing net
Armour
 l - a +0 pair of boots (melded)
 s - a +0 pair of gloves (melded)
 B - a +2 scale mail of poison resistance
 I - a +2 kite shield
 M - the +1 robe of Vines (melded) {NoPotionHeal Regen++++}
   (You took it off an orc on level 6 of the Dungeon)

   NoPotionHeal: Its wearer cannot be healed by potions.
   Regen++++: It increases your rate of health regeneration.
Jewellery
 e - a +4 ring of slaying (left hand)
 m - an amulet of reflection (around neck)
 t - a ring of magical power (right hand)
 E - a ring of fire
Talismans
 c - a beast talisman
 d - a flux talisman
 D - a serpent talisman (active)
Wands
 u - a wand of polymorph (8)
 A - a wand of flame (46)
 L - a wand of charming (25)
Scrolls
 a - 3 scrolls of fog
 f - 4 scrolls of noise
 g - 3 scrolls of immolation
 h - 5 scrolls of teleportation
 j - 3 scrolls of fear
 k - a scroll of torment
 o - a scroll of silence
 x - a scroll of poison {unknown}
 C - a scroll of vulnerability {unknown}
 J - a scroll of revelation {unknown}
 K - a scroll of enchant weapon {unknown}
 Q - a scroll of amnesia {unknown}
Potions
 b - a potion of lignification
 i - 4 potions of berserk rage
 p - a potion of curing
 q - a potion of degeneration {unknown}
 r - a potion of enlightenment {unknown}
 F - a potion of mutation {unknown}
 H - a potion of invisibility {unknown}
 N - a potion of magic {unknown}
 O - a potion of brilliance {unknown}


   Skills:
 + Level 5.0 Fighting
 + Level 4.2 Armour
 + Level 4.8 Dodging
 + Level 4.1 Shields
 + Level 5.3 Unarmed Combat
 * Level 9.6 Shapeshifting


You had 9 spell levels left.
You didn't know any spells.
Your spell library contained the following spells:

 Spells                   Type           Power      Damage    Failure   Level
 Freeze                   Ice            0%         1d3       43%         1
 Sting                    Tmut/Pois      0%         1d3       43%         1
 Summon Small Mammal      Summ           0%         N/A       43%         1
 Poisonous Vapours        Pois/Air       0%         N/A       56%         2
 Call Canine Familiar     Summ           0%         N/A       80%         3
 Frozen Ramparts          Ice            0%         1d1       80%         3
 Hailstorm                Conj/Ice       0%         3d3       80%         3
 Summon Guardian Golem    Hex/Summ       0%         N/A       80%         3
 Olgreb's Toxic Radiance  Pois           0%         N/A       99%         4


Dungeon Overview and Level Annotations

Branches:
Dungeon (8/15)             Temple (1/1) D:7
   Lair: D:8-11

Altars:
Ashenzari
Cheibriados
Dithmenos
Elyvilon
Fedhas
Gozag
Hepliaklqana
Kikubaaqudgha
Makhleb
Nemelex Xobeh
Okawaru
Qazlal
Ru
Sif Muna
Trog
Uskayaw
Vehumet
Wu Jian
Yredelemnul
Zin

Shops:
D:4 :   D:7 =

Annotations:
D:8 Amaemon


Innate Abilities, Weirdness & Mutations

You are an enormous anaconda.
You have a powerful constriction melee attack.
Your maximum health is increased.
Your armour is entirely melded.
You are incapable of wielding weapons or throwing items.
((You have a pair of horns on your head.))
((You reflexively headbutt those who attack you in melee.))


Message History

The orange demon stings you but does no damage.
You barely miss Amaemon. Your grab misses Amaemon.
Amaemon is moderately wounded.
You feel very sick.
Amaemon hits you with a -1 demon whip of venom!
You are more poisoned.
Amaemon closely misses you. Amaemon barely misses you.
The orange demon barely misses you.
You hit Amaemon. Your grab misses Amaemon.
Amaemon is moderately wounded.
You feel very sick. You block Amaemon's attack.
Amaemon claws you but does no damage. Amaemon closely misses you.
The orange demon stings you from afar.
You are more poisoned.
You have difficulty breathing.
You feel yourself slow down.
You are too injured to fight recklessly!
You are too injured to fight recklessly!
As you read the scroll of teleportation, it crumbles to dust.
You feel strangely unstable.
You feel extremely sick.
You block Amaemon's attack. x2; Amaemon tail-slaps you.
The orange demon stings you from afar.
You hit Amaemon. You grab Amaemon.
Amaemon is moderately wounded.
You constrict Amaemon.
You feel very sick. Amaemon barely misses you. Amaemon closely misses you.
Amaemon misses you. The orange demon stings you from afar!
* * * LOW HITPOINT WARNING * * *
You are lethally poisoned!
You have difficulty breathing.
* * * LOW HITPOINT WARNING * * *
You feel as though you will be slow longer.
Amaemon hits you with a -1 demon whip of venom!
* * * LOW HITPOINT WARNING * * *
You are more poisoned.
Amaemon closely misses you.
Amaemon tail-slaps you but does no damage.
The orange demon stings you from afar.
You die...

#......6... #.........#
#.#......... #.#........#
+.#........# #....# ##.#
#....# #..# #....###+#######
# ).# #....##S.......# #.
..####....46..†.....# #.
...........#........# ..# .
.........#........# #..#.
.........#........#
#...########..##..).....####
#.#..## #....###...........#
#.....###......#...........#
###.#...#......#######.....#


You could see Amaemon and an orange demon (curare).

Vanquished Creatures
  Joseph (D:7)
  Jeremiah (D:7)
  Grinder (D:3)
  A wyvern (D:7)
  A steam dragon (D:8)
  A vampire mosquito (D:5)
  Duvessa (D:7)
  A black bear (D:6)
  2 orc warriors
  A sky beast (D:7)
  3 ice beasts
  4 ogres
  A centaur (D:6)
  A kobold brigand (D:7)
  3 bullfrogs
  5 scorpions
  2 gnoll sergeants
  5 wights
  Dowan (D:7)
  9 hounds
  3 jellies
  2 orc priests
  Jessica (D:2)
  6 iguanas
  Ijyb (D:3)
  Terence (D:3)
  6 orc wizards
  9 gnolls
  5 adders
  2 white imps (D:6)
  2 ufetubi (D:6)
  2 worms
  2 dart slugs
  31 orcs
  9 ball pythons
  7 endoplasms
  3 giant cockroaches
  7 hobgoblins
  7 jackals
  3 quokkas
  3 bats
  2 frilled lizards
  7 goblins
  8 kobolds
  5 rats
179 creatures vanquished.

Notes
Turn   | Place    | Note
-------+----------+-------------------------------------------
     0 | D:1      | javelincjr the Minotaur Shapeshifter began the quest for
                  | the Orb.
     0 | D:1      | Reached XP level 1. HP: 16/16 MP: 0/0
    37 | D:1      | You fall into a shaft and drop 1 floor!
   119 | D:2      | Noticed Jessica
   252 | D:1      | Reached XP level 2. HP: 23/23 MP: 1/1
  1047 | D:1      | Reached XP level 3. HP: 28/29 MP: 2/2
  1336 | D:2      | Killed Jessica
  1337 | D:2      | Reached skill level 3 in Shapeshifting
  1716 | D:3      | Noticed Grinder
  1738 | D:3      | Paralysed by Grinder for 4 turns
  1751 | D:3      | Killed Grinder
  1752 | D:3      | Reached skill level 4 in Shapeshifting
  1752 | D:3      | Reached XP level 4. HP: 6/36 MP: 3/3
  1752 | D:3      | Reached XP level 5. HP: 7/41 MP: 4/4
  2052 | D:3      | Found a faded altar of an unknown god.
  2081 | D:3      | Reached XP level 6. HP: 21/48 MP: 5/5
  2240 | D:3      | Noticed Ijyb
  2240 | D:3      | Noticed Terence
  2243 | D:3      | Killed Terence
  2244 | D:3      | Reached skill level 5 in Shapeshifting
  2245 | D:3      | Killed Ijyb
  2789 | D:4      | Found Liunaso's Book Emporium.
  2834 | D:4      | Reached XP level 7. HP: 48/55 MP: 6/6
  3076 | D:4      | Reached skill level 6 in Shapeshifting
  3314 | D:5      | Entered Level 5 of the Dungeon
  3846 | D:5      | Noticed a vampire mosquito
  3854 | D:5      | Killed a vampire mosquito
  3855 | D:5      | Reached skill level 7 in Shapeshifting
  3868 | D:5      | Reached XP level 8. HP: 25/60 MP: 7/7
  4307 | D:5      | Reached skill level 8 in Shapeshifting
  5245 | D:6      | Reached skill level 1 in Armour
  5324 | D:6      | Reached skill level 1 in Shields
  5506 | D:6      | Reached XP level 9. HP: 57/68 MP: 8/8
  5739 | D:6      | Reached skill level 9 in Shapeshifting
  5802 | D:7      | Noticed Dowan
  5824 | D:7      | Killed Dowan
  5911 | D:7      | Noticed Duvessa
  5920 | D:7      | Killed Duvessa
  5948 | D:7      | Noticed a torpor snail
  5950 | D:7      | Found a snail-covered altar of Cheibriados.
  5950 | D:7      | Noticed a torpor snail
  6013 | D:7      | Noticed a torpor snail
  6068 | D:7      | Found a staircase to the Ecumenical Temple.
  6079 | Temple   | Entered the Ecumenical Temple
  6092 | Temple   | Became a worshipper of Trog the Wrathful
  6171 | D:7      | Found a sacrificial altar of Ru.
  6316 | D:7      | Noticed Jeremiah
  6374 | D:7      | Killed Jeremiah
  6375 | D:7      | Reached skill level 5 in Unarmed Combat
  6407 | D:7      | Noticed Joseph
  6420 | D:7      | Killed Joseph
  6421 | D:7      | Reached XP level 10. HP: 74/80 MP: 9/9
  6542 | D:7      | Found Zuax's Jewellery Shop.
  6929 | D:8      | Reached * piety under Trog
  6930 | D:8      | Reached skill level 5 in Fighting
  6950 | D:8      | Noticed an orange demon
  6951 | D:8      | Noticed Amaemon
  6971 | D:8      | HP: 3/93 [Amaemon/-1 demon whip of venom (9)]
  6971 | D:8      | Slain by an orange demon

Illustrated notes

Levels and vault maps discovered:
D:1:      lightli_arrival_windingriver, layout_basic, hex_intersection
D:2:      layout_basic, uniq_jessica
D:3:      layout_basic, shapermc_ecumenical_altar_venn,
          grunt_decor_mini_mirrors, hangedman_abyss_or_decor_lesser_grid,
          uniq_ijyb, uniq_grinder, uniq_terence
D:4:      layout_rooms, serial_shops, nicolae_lakefront_shop, roderic_lattice_a,
          interstate_on_off, minmay_pentomino_pile
D:5:      layout_basic, minmay_chambers_of_fives
D:6:      minmay_skewed_foursquare, layout_basic
D:7:      layout_cave_pools, nicolae_ru_awakened_eye, cheibriados_altar_2,
          minmay_temple_entry_glassed_door, serial_gnoll_camp,
          gnoll_camp_mini_shop, gnoll_camp_mini_hut, gnoll_camp_mini_hut,
          gnoll_camp_mini_doghouse, uniq_joseph, uniq_duvessa, uniq_jeremiah
D:8:      layout_basic, mainiacjoe_overflow_brackets, uniq_amaemon
Temple:   compressed_dpeg_circular_temple

Skill      XL: |  1  2  3  4  5  6  7  8  9 10 |
---------------+-------------------------------+-----
Fighting       | 2 4 5 |  5.0
Shapeshifting  | 4 5 7 8 9 |  9.6
Armour         | 1 4 |  4.2
Shields        | 1 3 4 |  4.1
Dodging        | 3 4 |  4.8
Unarmed Combat | 5 |  5.3

Action                     |  1- 3 |  4- 6 |  7- 9 | 10-12 || total
---------------------------+-------+-------+-------+-------++-------
  Melee: Unarmed           |    54 |    13 |   349 |    34 ||   450
         Headbutt          |    11 |     8 |    83 |       ||   102
         Punch             |     1 |       |       |       ||     1
         Trident           |       |    26 |       |       ||    26
         Hand axe          |       |    10 |       |       ||    10
         Constrict         |       |       |       |     7 ||     7
    Use: Scroll            |       |     4 |     5 |     2 ||    11
         Potion            |       |       |     1 |       ||     1
 Armour: Animal skin       |    17 |       |       |       ||    17
         Ring mail         |     5 |    12 |       |       ||    17
         Scale mail        |       |    10 |   125 |       ||   135
         Robe              |       |       |    92 |       ||    92
         Skin              |       |       |       |    29 ||    29
  Dodge: Dodged            |    25 |    16 |   168 |    20 ||   229
  Block: Other             |     3 |     7 |    75 |    11 ||    96
         Reflection        |       |       |     3 |       ||     3
   Form: Flux              |       |     1 |       |       ||     1
         Anaconda          |       |       |       |     1 ||     1

Table legend: (Time is in decaauts)
 A = Elapsed time spent in this place.
 B = Non-inter-level travel time spent in this place.
 C = Inter-level travel time spent in this place.
 D = Time resting spent in this place.
 E = Time spent auto-exploring this place.
 F = Levels seen in this place.
 G = Mean time per level.
                   A        B        C        D        E       F      G
               +--------+--------+--------+--------+--------+-----+--------+
         Total |   6939 |   6553 |    386 |    270 |   4696 |   9 |  771.0 |
       Dungeon |   6905 |   6541 |    364 |    270 |   4696 |   8 |  863.1 |
        Temple |     33 |     11 |     22 |      0 |      0 |   1 |   33.0 |
               +--------+--------+--------+--------+--------+-----+--------+

Top non-repeatable levels by time:
     D:5: 1451 daAuts
     D:1: 1096 daAuts
     D:4: 941 daAuts
     D:6: 874 daAuts
     D:7: 815 daAuts
     D:3: 756 daAuts
     D:2: 617 daAuts
     D:8: 352 daAuts
  Temple: 33 daAuts
